 Dungeon Crawl Stone Soup version 0.20.1-1-g8b1a95d (webtiles) character file.

163 vishdafish the Sneak (level 5, 0/42 HPs)
             Began as a Naga Enchanter on July 7, 2017.
             Was an Initiate of Nemelex Xobeh.
             Slain by an orc
             ... wielding a +0 whip
              (6 damage)
             ... on level 3 of the Dungeon.
             The game lasted 00:06:24 (3253 turns).

vishdafish the Sneak (Naga Enchanter)               Turns: 3253, Time: 00:06:25

Health: 0/42       AC:  4    Str: 10    XL:     5   Next: 44%
Magic:  8/8        EV: 10    Int: 16    God:    Nemelex Xobeh [......]
Gold:   136        SH:  0    Dex: 12    Spells: 7/8 levels left

rFire    + . .     SeeInvis +   h - +1 dagger (venom)
rCold    . . .     Gourm    .   (no shield)
rNeg     . . .     Faith    .   b - +0 robe
rPois    +         Spirit   .   v - +2 hat
rElec    .         Reflect  .   (no cloak)
rCorr    .         Harm     .   (no gloves)
MR       .....                  (no barding)
Stlth    +++.......             (no amulet)
Regen    0.2/turn               l - ring of protection from fire
MPRegen  0.2/turn               (no ring)

@: very slow
A: see invisible, deformed body, poison resistance, slowness 2, slow metabolism
1, spit poison 1, AC +1
a: Spit Poison, Renounce Religion


You were on level 3 of the Dungeon.
You worshipped Nemelex Xobeh.
Nemelex Xobeh was noncommittal.
You were hungry.

You visited 1 branch of the dungeon, and saw 3 of its levels.

You collected 136 gold pieces.

Inventory:

Hand Weapons
 h - a +1 dagger of venom (weapon)
 o - a +0 blowgun
Missiles
 p - 23 poisoned needles
Armour
 b - a +0 robe (worn)
 v - a +2 hat (worn)
Jewellery
 l - a ring of protection from fire (left hand)
Wands
 u - a wand of digging (10/24)
Scrolls
 e - a scroll of remove curse
 f - a scroll of identify
 k - a scroll of enchant weapon {unknown}
 m - a scroll of blinking {unknown}
Potions
 a - a potion of heal wounds {unknown}
 g - a potion of might {unknown}
 n - 4 potions of curing {unknown}
 q - a potion of flight {unknown}
Books
 c - a book of Maledictions

   Spells                             Type                      Level
   a - Corona                         Hexes                        1
   b - Ensorcelled Hibernation        Hexes/Ice                    2
   c - Confuse                        Hexes                        3
   d - Tukima's Dance                 Hexes                        3
   e - Dazzling Spray                 Conjuration/Hexes            3
Miscellaneous
 r - a plain deck of destruction {drawn: 1}
Comestibles
 d - 2 bread rations
 j - a royal jelly
 s - a meat ration
 t - 4 fruits


   Skills:
 * Level 2.8 Short Blades
 + Level 2.3 Dodging
 * Level 6.6 Stealth
 - Level 2.0 Spellcasting
 - Level 3.0 Hexes
 * Level 1.6 Invocations


You had 7 spell levels left.
You knew the following spells:

 Your Spells              Type           Power        Failure   Level  Hunger
a - Corona                Hex            ##.....      6%          1    #......


Dungeon Overview and Level Annotations

Branches:
Dungeon (3/15)

Altars:
Nemelex Xobeh


Innate Abilities, Weirdness & Mutations

You cannot wear boots.
Your serpentine skin is tough. (AC +1)
You have supernaturally acute eyesight. (SInv)
Armour fits poorly on your strangely shaped body.
Your system is resistant to poisons. (rPois)
You cover ground very slowly.
You have a slow metabolism.
You can spit poison.


Message History

The orc priest is poisoned.
The orc priest is lightly wounded.
The orc priest invokes the aid of Beogh against you.
Beogh smites you!
The orc priest looks braver for a moment.
As you read the scroll labeled HUFICVACOO, it crumbles to dust.
You feel blessed for a moment.
It was a scroll of remove curse.
The orc closely misses you. The orc priest hits you.
As you read the scroll labeled GAJ HOIKHI, it crumbles to dust.
It is a scroll of identify.
i - a scroll of fog The orc barely misses you.
The orc priest calls down the wrath of Beogh upon you.
Pain shoots through your body!
* * * LOW HITPOINT WARNING * * *
The orc misses you. The orc priest barely misses you.
As you read the scroll of fog, it crumbles to dust.
The scroll dissolves into smoke.
The orc hits you with a whip.
You die...
Your body disappears without a glow.

###### .....#
####.#
#.#############
#.......†.(...####
#.###########§o..##
#.# #@o...# ..#
#ooo....# # ####
#.§§......
#.......##
##.....## ##...##
####


You could see 2 orc priests and 3 orcs.

Vanquished Creatures
  Ijyb (D:3)
  2 adders
  An ooze (D:2)
  3 worms
  5 dart slugs
  2 leopard geckos
  6 bats
  2 giant cockroaches (D:1)
  9 goblins
  5 hobgoblins
  2 jackals (D:3)
  12 kobolds
  3 quokkas
  2 frilled lizards (D:1)
  6 rats
61 creatures vanquished.

Vanquished Creatures (collateral kills)
  The ghost of Ladykiller69 the Skirmisher, a weakling GrMo (D:3)
1 creature vanquished.

Grand Total: 62 creatures vanquished

Notes
Turn   | Place    | Note
-------+----------+-------------------------------------------
     0 | D:1      | vishdafish the Naga Enchanter began the quest for the Orb.
     0 | D:1      | Reached XP level 1. HP: 15/15 MP: 3/3
   557 | D:1      | Reached XP level 2. HP: 22/22 MP: 5/5
  1063 | D:1      | Reached XP level 3. HP: 28/28 MP: 6/6
  1321 | D:1      | Reached skill level 5 in Stealth
  1832 | D:2      | Reached XP level 4. HP: 36/36 MP: 7/7
  2084 | D:2      | Found a sparkling altar of Nemelex Xobeh.
  2092 | D:2      | Became a worshipper of Nemelex Xobeh the Trickster
  2133 | D:2      | Reached skill level 6 in Stealth
  2186 | D:2      | Received a gift from Nemelex Xobeh
  2432 | D:3      | Noticed Ladykiller69's ghost (weakling GrMo)
  2449 | D:3      | Killed Ladykiller69's ghost
  2750 | D:3      | Reached skill level 1 in Invocations
  2750 | D:3      | Reached XP level 5. HP: 38/42 MP: 8/8
  2857 | D:3      | Noticed Ijyb
  2877 | D:3      | Killed Ijyb
  3253 | D:3      | Slain by an orc

Skill      XL: |  1  2  3  4 |
---------------+-------------+-----
Short Blades   | 2 |  2.8
Stealth        | 5 6 |  6.6
Dodging        | 2 |  2.3
Invocations    | 1 |  1.6
Spellcasting   | |  2.0
Hexes          | |  3.0

Action                   |  1- 3 |  4- 6 || total
-------------------------+-------+-------++-------
Melee: Dagger            |    99 |    92 ||   191
 Abil: Spit Poison       |     6 |     9 ||    15
Evoke: Deck              |       |     1 ||     1
  Use: Scroll            |       |     3 ||     3
 Stab: Sleeping          |     5 |     5 ||    10
  Eat: Chunk             |     2 |     4 ||     6
Armor: Robe              |    12 |    23 ||    35
Dodge: Dodged            |    50 |    44 ||    94
